 Dungeon Crawl Stone Soup version 0.32-a0-306-gfed3edf829 (webtiles) character file.

Game seed: 11491204830340252334

1835680 shadowrider38 the Hoplite (level 25, 224/224 HPs)
             Began as a Mountain Dwarf Fighter on Feb 13, 2024.
             Was the Champion of Okawaru.
             Escaped with the Orb
             ... and 3 runes
             ... and 1 gem on Feb 14, 2024!
             The game lasted 01:45:11 (61366 turns).

shadowrider38 the Hoplite (Mountain Dwarf Fighter) Turns: 61366, Time: 01:45:12

Health: 224/224    AC: 43    Str: 38    XL:     25   Next: 29%
Magic:  43/43      EV: 16    Int: 11    God:    Okawaru [******]
Gold:   2903       SH: 24    Dex: 16    Spells: 20/24 levels left

rFire   + . .        a - +9 broad axe of the Swamp {drain, +Blink}
rCold   + + .        C - +0 tower shield of the Lonely Artists {+Blink Str+5}
rNeg    + . .        k - +7 gold dragon scales
rPois   +            W - +2 hat {Will+}
rElec   +            h - +2 cloak
rCorr   .            Y - +2 pair of gloves of Whack-A-Mole {god gift, rN+ MP+9 Dex+3}
SInv    .            r - +2 pair of boots
Will    ++++.        q - amulet of Meube {Spirit Regen+} Stlth
                     i - ring "Vaepo" {rElec rC+ Str+6 Slay-3}
HPRegen 1.37/turn    j - +5 ring of evasion
MPRegen 0.28/turn

%: guardian spirit
@: hasted, very quick
A: runic magic, artefact enchanting, agile 1, frail 1, strong-willed 1,
screaming 1, subdued magic 1, sturdy frame 1
0: Orb of Zot
}: 3/15 runes: barnacled, silver, gossamer
a: Renounce Religion, Evoke Blink, Heroism, Finesse, Duel


You escaped.
You worshipped Okawaru.
Okawaru was exalted by your worship.
You visited 10 branches of the dungeon, and saw 48 of its levels.
You also visited: Sewer, Ice Cave, Volcano and Wizlab.

You collected 8546 gold pieces.
You spent 5643 gold pieces at shops.

Inventory:

Hand Weapons
 a - the +9 broad axe of the Swamp (weapon) {drain, +Blink}
   (You took it off a balrug in a wizard's laboratory)

   +Blink:    It lets you blink.
 b - the +9 executioner's axe "Veqosaph" {god gift, spect, rF+ Will++}
   (Okawaru gifted it to you on level 5 of the Lair of Beasts)

   rF+:       It protects you from fire.
   Will++:    It greatly increases your willpower.
Missiles
 t - 62 boomerangs (quivered)
 F - 14 curare-tipped darts
 Z - 3 throwing nets
Armour
 h - a +2 cloak (worn)
 k - +7 gold dragon scales (worn)
 r - a +2 pair of boots (worn)
 v - a +1 kite shield of cold resistance {Donald}
 C - the +0 tower shield of the Lonely Artists (worn) {+Blink Str+5}
   (You acquired it on level 2 of the Depths)

   Str+5:     It affects your strength (+5).
   +Blink:    It lets you blink.
 W - a +2 hat of willpower (worn)
 Y - the +2 pair of gloves of Whack-A-Mole (worn) {god gift, rN+ MP+9 Dex+3}
   (Okawaru gifted it to you on level 5 of the Lair of Beasts)

   Dex+3:     It affects your dexterity (+3).
   rN+:       It protects you from negative energy.
   MP+9:      It affects your magic capacity (+9).
Magical Staves
 V - the staff of Essyxist {rN+++ Dex-2 Stlth- Conj Alchemy}
   (You found it on level 2 of the Depths)

   [staff of conjuration]

   Base accuracy: +5 Base damage: 5 Base attack delay: 1.2 This weapon's minimum
   attack delay (0.6) is reached at skill level 12.
   Dex-2:     It affects your dexterity (-2).
   rN+++:     It renders you almost immune to negative energy.
   Stlth-:    It makes you less stealthy.
   Conj:      It increases the power of your Conjurations spells.
   Alchemy:   It increases the power of your Alchemy spells.
   It falls into the 'Staves' category.
   It is a one-handed weapon.
Jewellery
 c - a ring of protection from cold
 f - a ring of protection from fire
 i - the ring "Vaepo" (left hand) {rElec rC+ Str+6 Slay-3}
   (You took it off a deep elf annihilator on level 3 of the Elven Halls)

   [ring of strength]

   Str+6:     It affects your strength (+6).
   Slay-3:    It affects your accuracy & damage with ranged weapons and melee
   (-3).
   rC+:       It protects you from cold.
   rElec:     It insulates you from electricity.
 j - a +5 ring of evasion (right hand)
 q - the amulet of Meube (around neck) {Spirit Regen+}
   (You acquired it on level 4 of the Lair of Beasts)

   [amulet of guardian spirit]

   Spirit:    It causes incoming damage to be divided between your reserves of
   health and magic.
   Regen+:    It increases your rate of health regeneration.
 S - the ring of Saoreud {rPois AC+4}
   (You bought it in a shop on level 2 of the Orcish Mines)

   [ring of protection]

   AC+4:      It affects your AC (+4).
   rPois:     It protects you from poison
Wands
 D - a wand of digging (14)
 I - a wand of iceblast (21)
 N - a wand of quicksilver (44)
 P - a wand of paralysis (14)
Scrolls
 m - 4 scrolls of vulnerability
 n - 8 scrolls of fear
 s - 5 scrolls of silence {!r}
 w - a scroll of brand weapon
 B - a scroll of blinking
 K - 8 scrolls of fog
 M - 6 scrolls of poison
 R - 16 scrolls of identify
 T - 23 scrolls of teleportation
 U - 5 scrolls of immolation
 X - 6 scrolls of enchant weapon
Potions
 d - 9 potions of might
 e - 13 potions of heal wounds
 g - 3 potions of invisibility
 l - 4 potions of ambrosia
 o - 4 potions of attraction
 u - 7 potions of resistance
 x - 6 potions of magic
 y - 8 potions of cancellation
 z - 10 potions of brilliance
 A - 6 potions of enlightenment
 G - 3 potions of berserk rage
 H - 9 potions of haste
 J - 7 potions of mutation
 L - 4 potions of lignification
 Q - 18 potions of curing
Miscellaneous
 E - a lightning rod (4/4)
 O - a condenser vane


   Skills:
 - Level 25.0 Fighting
 - Level 25.0 Axes
 + Level 5.8 Throwing
 - Level 20.0 Armour
 - Level 6.0 Dodging
 - Level 25.0 Shields
 - Level 15.0 Invocations
 + Level 14.0 Evocations


You had 20 spell levels left.
You knew the following spells:

 Your Spells              Type           Power      Damage    Failure   Level
g - Apportation           Tloc           0%         N/A       45%         1
t - Tukima's Dance        Hex            0%         N/A       83%         3

Your spell library contained the following spells:

 Spells                   Type           Power      Damage    Failure   Level
 Foxfire                  Conj/Fire      0%         2x1d4     45%         1
 Kiss of Death            Conj/Necr      0%         2d5       45%         1
 Magic Dart               Conj           0%         1d3       45%         1
 Necrotise                Necr           0%         1d4       45%         1
 Sandblast                Erth           0%         2d4       45%         1
 Shock                    Conj/Air       0%         1d3       45%         1
 Slow                     Hex            0%         N/A       45%         1
 Blink                    Tloc           0%         N/A       61%         2
 Cigotuvi's Dreadful Rot  Necr/Alch/Air  0%         N/A       61%         2
 Ensorcelled Hibernation  Hex/Ice        0%         N/A       61%         2
 Jinxbite                 Hex            0%         N/A       61%         2
 Scorch                   Fire           0%         2d5       61%         2
 Searing Ray              Conj           0%         2d4       61%         2
 Sublimation of Blood     Necr           0%         N/A       61%         2
 Confusing Touch          Hex            0%         N/A       83%         3
 Dazzling Flash           Conj/Hex       0%         N/A       83%         3
 Fugue of the Fallen      Necr           0%         N/A       83%         3
 Inner Flame              Hex/Fire       0%         N/A       83%         3
 Passwall                 Erth           0%         N/A       83%         3
 Sigil of Binding         Hex            0%         N/A       83%         3
 Stone Arrow              Conj/Erth      0%         3d7       83%         3
 Swiftness                Air            0%         N/A       83%         3
 Vampiric Draining        Necr           0%         2d6       83%         3
 Volatile Blastmotes      Fire/Tloc      0%         2d10      83%         3
 Airstrike                Air            0%         2d(0-16)  99%         4
 Anguish                  Hex/Necr       0%         N/A       99%         4
 Brom's Barrelling Bould  Conj/Erth      0%         2d3       99%         4
 Dimensional Bullseye     Hex/Tloc       0%         N/A       99%         4
 Dispel Undead            Necr           0%         3d6       99%         4
 Flame Wave               Conj/Fire      0%         2d4       99%         4
 Fulminant Prism          Conj/Alch      0%         3d5       99%         4
 Iskenderun's Mystic Bla  Conj/Tloc      0%         2d3       99%         4
 Leda's Liquefaction      Alch/Erth      0%         N/A       99%         4
 Passage of Golubria      Tloc           0%         N/A       99%         4
 Petrify                  Alch/Erth      0%         N/A       99%         4
 Sticky Flame             Fire/Alch      0%         2d4       99%         4
 Vhi's Electric Charge    Tloc/Air       0%         N/A       99%         4
 Alistair's Intoxication  Alch           0%         N/A       100%        5
 Arcjolt                  Conj/Air       0%         1d10      100%        5
 Borgnjor's Vile Clutch   Necr/Erth      0%         N/A       100%        5
 Curse of Agony           Necr           0%         N/A       100%        5
 Irradiate                Conj/Alch      0%         3d11      100%        5
 Lee's Rapid Deconstruct  Erth           0%         3d4*      100%        5
 Yara's Violent Unravell  Hex/Alch       0%         3d3       100%        5
 Bombard                  Conj/Erth      0%         9d1       100%        6
 Conjure Ball Lightning   Conj/Air       0%         3x3d6     100%        6
 Plasma Beam              Fire/Air       0%         2x1d10    100%        6
 Starburst                Conj/Fire      0%         6d3       100%        6
 Enfeeble                 Hex            0%         N/A       100%        7
 Ozocubu's Refrigeration  Ice            0%         4d7       100%        7
 Discord                  Hex            0%         N/A       100%        8
 Disjunction              Tloc           0%         N/A       100%        8
 Lehudib's Crystal Spear  Conj/Erth      0%         10d2      100%        8
 Maxwell's Capacitive Co  Air            0%         ∞         100%        8
 Chain Lightning          Conj/Air       0%         N/A       100%        9
 Polar Vortex             Ice            0%         N/A       100%        9
 Call Imp                 Summ           Unusable   N/A       N/A         2
 Call Canine Familiar     Summ           Unusable   N/A       N/A         3
 Animate Armour           Summ/Erth      Unusable   N/A       N/A         4
 Animate Dead             Necr           Unusable   N/A       N/A         4
 Martyr's Knell           Necr/Summ      Unusable   N/A       N/A         4
 Death Channel            Necr           Unusable   N/A       N/A         6
 Sculpt Simulacrum        Ice/Alch       Unusable   N/A       N/A         6
 Summon Cactus Giant      Summ           Unusable   N/A       N/A         6

Dungeon Overview and Level Annotations

Branches:
Dungeon (15/15)            Temple (1/1) D:5            Lair (5/5) D:11
 Shoals (4/4) Lair:2       Spider (4/4) Lair:2        Slime (0/5) Lair:4
    Orc (2/2) D:9             Elf (3/3) Orc:2        Vaults (5/5) D:13
  Crypt (0/3) Vaults:2     Depths (4/4) D:15            Zot (5/5) Depths:4
  Sewer (visited)           IceCv (visited)         Volcano (visited)
 WizLab (visited)

Altars:
Ashenzari
Cheibriados
Dithmenos
Elyvilon
Fedhas
Gozag
Hepliaklqana
Kikubaaqudgha
Makhleb
Nemelex Xobeh
Okawaru
Qazlal
Ru
Sif Muna
Trog
Uskayaw
Vehumet
Wu Jian
Xom
Yredelemnul
Zin
The Shining One
Jiyva

Shops:
Orc:2 :**=   Elf:1 (   Elf:2 =[   Elf:3 [(   Shoals:2 (   Shoals:3 :
Shoals:4 [   Vaults:5 ![!?!!

Portals:
Hell: Depths:1 Depths:2 Depths:3 Depths:4
Abyss: Lair:3 Depths:1 Depths:3 Depths:4
Pandemonium: Depths:2
Ziggurat: Depths:2
Trove: D:11 (give 8 scrolls of fog)

Annotations:
D:6 3 runed translucent doors, Gangsterbeez's ghost, novice MiFi
D:7 exclusion: downstairs
D:10 3 runed translucent doors, exclusion: 2 downstairs, horus123's ghost, novice DsEE
D:13 1 runed translucent door, scarr's ghost, journeyman MDFi
Lair:2 exclusion: oklob plant
Lair:3 2 transporters, gdog's ghost, journeyman GnDe
Shoals:1 3 runed translucent doors, AutarchDCSS's ghost, adept MDFi
Shoals:4 2 transporters, Xavori's ghost, adept DjCK
Spider:2 exclusion: downstairs
Elf:1 exclusion: downstairs
Vaults:2 3 runed translucent doors, Antoec's ghost, adept VSBr; Gryn's ghost, adept MDFi; Yhagabbo's ghost, adept DrCj; whatisthis's ghost, adept DjAE


Innate Abilities, Weirdness & Mutations

Your spellcasting is much less encumbered by armour.
You can use scrolls of enchantment on lesser artefacts.
You are agile. (Dex +4, Str/Int -1)
You are frail. (-10% HP)
You are strong-willed. (Will+)
You occasionally shout uncontrollably at your foes.
Your spells are a little easier to cast, but a little less powerful.
Your movements are slightly less encumbered by armour. (ER -2)


Message History

You block the great orb of eyes's attack.
You hit the great orb of eyes but do no damage.
You drain the great orb of eyes.
The great orb of eyes is lightly wounded.
You slash the great orb of eyes!
The great orb of eyes is moderately wounded.
You block the great orb of eyes's attack.
You slice the great orb of eyes!!
The great orb of eyes is severely wounded.
You block the great orb of eyes's attack.
You slash the great orb of eyes!
The great orb of eyes is almost dead.
You slice the great orb of eyes like a ripe choko!!!
You kill the great orb of eyes!
Okawaru accepts your kill.
What level of the Dungeon? (default 1, ? - help)
Items here: )) [ ÷.
You see here a +0 short sword.
There is an open door here.
Things that are here:
a +0 halberd; a +0 flail
There is a stone staircase leading up here.
You climb upwards.
There is a stone staircase leading down here.
You see here a ball python skeleton.
There is a stone staircase leading up here.
You climb upwards.
There is a stone staircase leading down here.
A blizzard demon comes into view.
There is a stone staircase leading up here.
The blizzard demon waves its arms in wide circles.
The air twists around and strikes you.
You climb upwards.
There is a stone staircase leading down here.
A demonspawn blood saint and a blizzard demon come into view.
The demonspawn blood saint moves out of view.
The blizzard demon moves out of view.
The blizzard demon shouts!
Okay, then.
Unknown command.
You feel yourself speed up. The blizzard demon gestures at you.
The bolt of lightning misses you.
Aiming: Dig
Press: ? - help, Shift-Dir - straight line A rock wall.
This square is covered in magical glow.
The rock shatters into small pieces.
There is a staircase leading out of the dungeon here.
You have escaped!

#...# ###∩.....##.##.#.#.#.#.#
#...###### #∩.....##.#..#.#.#.#..
#...##...# #∩.....##.#..#.#......
#...##...# ##.....∩#.#..#.###....
#.>.##...####......#.#...........
#...........##...#####.##.#......
#...........##...###............÷
#.#........)###÷.##.######..##...
#.#......>..# ##@#.## #..........
#.#.#.....#.#####.#####....#.....
#.#.#.....#.##.......#####.......
#'#.#.....#..........'...........
....#.#.#.#..#.......###########.
....#.#.#.#...........##.......+.
..........#.....#####.##.#######.
...##.#.###.....#####.##.#######.
...+............##......÷.....##.


There were no monsters in sight!

Vanquished Creatures
  2 juggernauts
  Sojobo (Depths:4)
  Boris (Depths:4)
  2 curse toes
  Bai Suzhen (Vaults:4)
  4 golden dragons
  A Hellbinder (WizLab)
  Norris (Vaults:4)
  Arachne (Spider:3)
  8 tentacled monstrosities
  Jorgrun (Shoals:3)
  3 hellephants
  An iron giant (Depths:2)
  Mlioglotl (Spider:3)
  3 deep elf blademasters
  4 Orb Guardians
  A walking earthen tome (Depths:2)
  A deep elf master archer (Elf:3)
  A lich (Vaults:5)
  4 titans
  A quicksilver dragon (Zot:2)
  Polyphemus (Shoals:2)
  A kraken (Shoals:1)
  Frances (Spider:2)
  2 Executioners (Depths:2)
  9 sphinxes
  3 acid blobs (Depths:3)
  A death cob (Zot:2)
  8 storm dragons
  7 tengu reavers
  Gastronok (Lair:2)
  Donald (Spider:4)
  8 shadow dragons
  6 fire giants
  2 draconian knights (Depths:4)
  17 frost giants
  A protean progenitor (Zot:2)
  3 rockslimes (Depths:3)
  2 draconian monks (Depths:4)
  9 deep elf sorcerers
  An azure jelly (Depths:3)
  7 emperor scorpions
  8 ghost moths
  18 vault wardens
  Louise (Shoals:1)
  4 iron dragons
  3 deep elf elementalists
  4 balrugs
  2 cacodemons (WizLab)
  A draconian annihilator (Depths:4)
  An orc warlord (Orc:2)
  2 reapers
  A draconian stormcaller (Zot:5)
  2 broodmothers
  2 spriggan defenders (Depths:2)
  8 quicksilver oozes (Depths:3)
  20 ironbound preservers
  15 very ugly things
  14 stone giants
  14 ironbound thunderhulks
  3 black draconians
  4 formless jellyfish
  2 green draconians (Zot:5)
  2 vampire knights
  7 deep elf death magi
  7 deep elf demonologists
  4 white draconians
  12 deep elf annihilators
  2 war gargoyles (Vaults:5)
  A red draconian (Zot:2)
  9 dire elephants
  4 yellow draconians
  2 bunyips (Zot:2)
  A purple draconian (Zot:5)
  9 spark wasps
  12 ettins
  A green death (D:9)
  6 crystal guardians
  7 deep elf high priests
  6 merfolk javelineers (Shoals:4)
  7 merfolk impalers
  A quicksilver dragon zombie (D:15)
  6 fire dragons
  7 entropy weavers
  13 yaktaur captains
  A salamander tyrant (Depths:2)
  16 great orbs of eyes
  Fannar (Lair:1)
  35 vault guards
  A caustic shrike simulacrum (Depths:1)
  A rakshasa (Depths:4)
  8 ice dragons
  7 spriggan air magi
  2 hell beasts
  A merfolk avatar (Shoals:1)
  2 catoblepae
  5 hydras
  3 peacekeepers
  Erolcha (Orc:1)
  4 jorogumos
  A radroach (Spider:3)
  16 ironbound frosthearts
  2 merfolk aquamancers (Shoals:4)
  6 boulder beetles
  12 centaur warriors
  6 hell hogs
  4 two-headed ogres
  3 death yaks
  2 satyrs (Shoals:4)
  A sphinx skeleton (D:15)
  41 dancing weapons
  4 tengu warriors
  11 deep troll shamans
  An orc high priest (Elf:1)
  4 spriggan berserkers
  16 demonic crawlers
  3 vampire magi
  9 deep troll earth magi
  An occultist (Depths:3)
  13 hell knights
  A shock serpent (shapeshifter) (Depths:3)
  Sonja (Orc:1)
  A sixfirhy (WizLab)
  6 sun demons
  A skyshark (shapeshifter) (Vaults:3)
  15 iron trolls
  8 pharaoh ants
  3 soul eaters
  22 deep elf knights
  6 skeletal warriors
  An obsidian statue (Volcano)
  7 skysharks
  55 deep trolls
  12 orb spiders
  3 glowing orange brains
  11 sea snakes
  A glowing orange brain (shapeshifter) (Vaults:5)
  7 arcanists
  2 shadow demons (WizLab)
  Pikel (D:5)
  10 lindwurms
  A golden dragon skeleton (Depths:3)
  14 ironbound convokers
  4 steelbarb worms
  7 orc knights
  An orange crystal statue (IceCv)
  9 phantasmal warriors
  A steelbarb worm (shapeshifter) (Vaults:5)
  6 necromancers
  20 deep elf archers
  18 wolf spiders
  30 deep elf zephyrmancers
  3 orc sorcerers
  17 fauns
  31 deep elf pyromancers
  17 harpies
  4 shining eyes (Depths:3)
  2 stone giant zombies (Depths:1)
  7 cyclopes
  14 manticores
  46 ugly things
  11 moths of wrath
  5 kobold blastminers
  7 merfolk sirens
  9 elephants
  2 rust devils
  3 meliai (Spider:4)
  22 vault sentinels
  3 black mambas
  An ice statue (D:12)
  A titan simulacrum (Depths:3)
  8 smoke demons
  6 water nymphs
  2 orange demons (WizLab)
  22 cane toads
  3 torpor snails
  3 hellions (WizLab)
  2 gargoyles
  14 komodo dragons
  2 unseen horrors
  15 rime drakes
  A tormentor (WizLab)
  4 efreet
  4 tengu conjurers
  31 yaktaurs
  3 freezing wraiths
  3 red devils (WizLab)
  A spriggan skeleton (Depths:1)
  6 trolls
  37 merfolk
  2 hellwings (WizLab)
  3 tyrant leeches
  11 hornets
  Prince Ribbit (D:5)
  A shadow dragon simulacrum (Depths:1)
  3 wind drakes
  23 polar bears
  38 blink frogs
  14 tarantellas
  2 snapping turtles
  A spriggan zombie (D:15)
  3 raiju (Depths:2)
  7 dream sheep
  An iron dragon simulacrum (Depths:3)
  23 slime creatures
  12 culicivoras
  A ynoxinul (Zot:4)
  34 jumping spiders
  5 vampires
  10 water elementals
  2 air elementals
  9 spriggans
  An ettin skeleton (Depths:1)
  A neqoxec (Depths:2)
  4 wraiths
  2 golden eyes (Depths:3)
  66 yaks
  3 wyverns
  4 wargs
  8 fire bats
  5 basilisks
  5 fire elementals
  Grum (D:9)
  39 redbacks
  2 steam dragons
  22 vampire mosquitoes
  A glowing shapeshifter zombie (Depths:1)
  2 acid dragons
  14 water moccasins
  A glowing shapeshifter skeleton (Depths:1)
  35 orc warriors
  5 black bears
  6 sky beasts
  10 ogres
  13 wolves
  13 centaurs
  4 lemures
  6 kobold brigands
  6 gnoll sergeants
  24 bullfrogs
  6 earth elementals
  8 scorpions
  4 wights (D:9)
  15 killer bees
  7 howler monkeys
  A bombardier beetle (D:3)
  14 electric eels
  4 lava snakes (Volcano)
  5 hounds
  2 centaur zombies (D:6)
  12 orc priests
  7 jellies
  3 gnoll boudas
  34 orc wizards
  3 sleepcaps
  2 iguanas
  34 gnolls
  9 adders
  2 shadow imps
  A white imp (D:6)
  4 ribbon worms
  3 dart slugs
  82 orcs
  9 bats
  17 endoplasms
  9 giant cockroaches
  5 goblins
  3 hobgoblins (D:1)
  8 jackals
  21 kobolds
  A quokka (D:3)
  14 ball pythons
  5 frilled lizards
  5 rats
  2 tentacles (Shoals:1)
2160 creatures vanquished.

Vanquished Creatures (others)
  A deep elf knight (Elf:2)
  A glowing orange brain (Depths:3)
  A deep elf pyromancer (Elf:1)
  A water elemental (Elf:2)
  A redback (Spider:1)
  An orc (Elf:2)
  12 spectral weapons
  6 tentacles (Shoals:1)
24 creatures vanquished.

Grand Total: 2184 creatures vanquished

Notes
Turn   | Place    | Note
-------+----------+-------------------------------------------
     0 | D:1      | shadowrider38 the Mountain Dwarf Fighter began the quest
                  | for the Orb.
     0 | D:1      | Reached XP level 1. HP: 19/19 MP: 1/1
   177 | D:1      | Reached skill level 3 in Axes
   187 | D:1      | Reached XP level 2. HP: 26/26 MP: 2/2
   478 | D:1      | Reached XP level 3. HP: 31/31 MP: 3/3
  1088 | D:2      | Reached XP level 4. HP: 38/38 MP: 4/4
  1939 | D:3      | Found a shimmering blue altar of Sif Muna.
  2029 | D:3      | Reached XP level 5. HP: 45/45 MP: 5/5
  2473 | D:4      | Reached XP level 6. HP: 49/52 MP: 6/6
  3079 | D:4      | Found a glowing silver altar of Zin.
  3079 | D:4      | Found an opulent altar of Gozag.
  3219 | D:4      | Reached XP level 7. HP: 52/60 MP: 7/7
  3476 | D:4      | Noticed a yak
  3496 | D:4      | Killed a yak
  3571 | D:4      | Noticed a yak
  3571 | D:4      | Noticed a yak
  3711 | D:5      | Entered Level 5 of the Dungeon
  3711 | D:5      | Found a glowing drain.
  3732 | Sewer    | Entered a sewer
  3856 | Sewer    | Reached skill level 9 in Axes
  4031 | D:4      | Reached XP level 8. HP: 70/70 MP: 8/8
  4049 | D:5      | Noticed Pikel
  4152 | D:5      | Noticed Prince Ribbit
  4387 | D:5      | Killed Prince Ribbit
  4466 | D:5      | Found a staircase to the Ecumenical Temple.
  4475 | Temple   | Entered the Ecumenical Temple
  4512 | Temple   | Became a worshipper of Elyvilon the Healer
  4640 | D:5      | Found a sacrificial altar of Ru.
  5115 | D:6      | Found a runed translucent gate.
  5115 | D:6      | Found a runed translucent gate.
  5115 | D:6      | Found a runed translucent gate.
  5115 | D:6      | Noticed Gangsterbeez's ghost (novice MiFi)
  5127 | D:6      | Found a basalt altar of Yredelemnul.
  5222 | D:6      | Reached XP level 9. HP: 74/78 MP: 9/9
  5253 | D:6      | Reached * piety under Elyvilon
  5354 | D:6      | Found a broken altar of Ashenzari.
  5440 | D:6      | Found an ancient bone altar of Kikubaaqudgha.
  5901 | D:6      | Found a hide-covered altar of Uskayaw.
  6352 | D:7      | Reached ** piety under Elyvilon
  7643 | D:8      | Reached XP level 10. HP: 90/90 MP: 10/10
  7681 | D:8      | Noticed a two-headed ogre
  7735 | D:8      | Paralysed by a hornet for 3 turns
  7836 | D:8      | Found a radiant altar of Vehumet.
  7863 | D:8      | Reached *** piety under Elyvilon
  7979 | D:8      | Reached skill level 9 in Fighting
  8367 | D:7      | Learned a level 3 spell: Tukima's Dance
  9014 | D:9      | Noticed a centaur warrior
  9024 | D:9      | Killed a centaur warrior
  9025 | D:9      | Reached skill level 3 in Invocations
  9129 | D:9      | Noticed Grum
  9149 | D:9      | Killed Grum
  9223 | D:9      | Reached skill level 15 in Axes
  9381 | D:5      | Killed Pikel
  9812 | D:4      | Reached XP level 11. HP: 90/99 MP: 14/14
 10360 | D:9      | Found a staircase to the Orcish Mines.
 10363 | D:9      | Reached **** piety under Elyvilon
 10431 | D:9      | Found an ornate altar of the Wu Jian Council.
 10554 | D:9      | Found an iron altar of Okawaru.
 10910 | D:9      | Fell from the grace of Elyvilon
 10910 | D:9      | Became a worshipper of Warmaster Okawaru
 11010 | D:10     | Entered Level 10 of the Dungeon
 11423 | D:10     | Found a glowing golden altar of the Shining One.
 11706 | D:10     | Found a runed translucent gate.
 11707 | D:10     | Found a runed translucent gate.
 11707 | D:10     | Found a runed translucent gate.
 11711 | D:10     | Noticed horus123's ghost (novice DsEE)
 11799 | D:10     | Reached * piety under Okawaru
 12987 | D:11     | Noticed a brown ugly thing
 13001 | D:10     | Reached ** piety under Okawaru
 13591 | D:11     | Killed a brown ugly thing
 13816 | D:11     | Found a staircase to the Lair.
 13870 | D:11     | Found a portal to a secret trove of treasure.
 13998 | Lair:1   | Entered Level 1 of the Lair of Beasts
 14088 | Lair:1   | Noticed Fannar
 14102 | Lair:1   | Killed Fannar
 14112 | Lair:1   | Reached XP level 12. HP: 91/108 MP: 16/16
 14113 | Lair:1   | Reached *** piety under Okawaru
 14362 | Lair:1   | Reached skill level 3 in Evocations
 14722 | Lair:1   | Reached **** piety under Okawaru
 15643 | Lair:2   | Noticed a boulder beetle
 15803 | Lair:2   | Killed a boulder beetle
 15854 | Lair:2   | Reached ***** piety under Okawaru
 15859 | Lair:2   | Found a hole to the Spider Nest.
 16147 | Lair:2   | Found a staircase to the Shoals.
 16174 | Lair:2   | Reached XP level 13. HP: 69/117 MP: 17/17
 17182 | Lair:2   | Noticed Gastronok
 17213 | Lair:2   | Killed Gastronok
 17688 | Lair:3   | Received a gift from Okawaru
 17842 | Lair:3   | Found a radiant altar of Vehumet.
 17871 | Lair:3   | Found a dark tunnel.
 17880 | Volcano  | Entered a volcano
 18429 | Volcano  | Noticed a stone giant
 18454 | Volcano  | Killed a stone giant
 18459 | Volcano  | Found a radiant altar of Vehumet.
 18674 | Volcano  | Identified the +0 dagger of Valiance {flame, Str+3}
 19299 | Lair:3   | Found a transporter.
 19323 | Lair:3   | Found a transporter.
 19443 | Lair:3   | Found a one-way gate to the infinite horrors of the Abyss.
 19443 | Lair:3   | Noticed gdog's ghost (journeyman GnDe)
 20383 | Lair:4   | Reached skill level 15 in Fighting
 20714 | Lair:4   | Found a staircase to the Slime Pits.
 20714 | Lair:4   | Found a viscous altar of Jiyva.
 20731 | Lair:4   | Reached skill level 3 in Dodging
 20731 | Lair:4   | Reached skill level 9 in Invocations
 20731 | Lair:4   | Reached XP level 14. HP: 135/135 MP: 20/20
 20732 | Lair:4   | Identified a scroll of acquirement
 21123 | Lair:5   | Entered Level 5 of the Lair of Beasts
 21265 | Lair:5   | Reached skill level 9 in Armour
 21268 | Lair:5   | Reached XP level 15. HP: 126/141 MP: 20/22
 21610 | Lair:5   | Reached ****** piety under Okawaru
 21612 | Lair:5   | Acquired the +6 executioner's axe "Veqosaph" {god gift,
                  | spect, rF+ Will++}
 21612 | Lair:5   | Received a gift from Okawaru
 21641 | Lair:5   | Acquired the +1 pair of gloves of Whack-A-Mole {god gift,
                  | rN+ MP+9 Dex+3}
 21641 | Lair:5   | Received a gift from Okawaru
 21748 | Lair:5   | Received a gift from Okawaru
 22858 | Lair:5   | Received a gift from Okawaru
 22885 | Lair:5   | Identified the +5 trident of Makhleb's Grace {pain, rElec
                  | Str+4 Int+2}
 23673 | Orc:1    | Entered Level 1 of the Orcish Mines
 23746 | Orc:2    | Entered Level 2 of the Orcish Mines
 23864 | Orc:2    | Reached skill level 21 in Axes
 23924 | Orc:2    | Found a staircase to the Elven Halls.
 24484 | Orc:2    | Received a gift from Okawaru
 24675 | Orc:2    | Found Safes's General Store.
 24675 | Orc:2    | Found Keamas's Assorted Antiques.
 24677 | Orc:2    | Found Joifetich's Jewellery Boutique.
 24679 | Orc:2    | Found Xaluov's Book Shoppe.
 24683 | Orc:2    | Bought a scroll of blinking for 105 gold pieces
 24684 | Orc:2    | Bought a scroll of enchant weapon for 240 gold pieces
 24684 | Orc:2    | Bought a scroll of enchant weapon for 240 gold pieces
 24696 | Orc:2    | Bought the ring of Saoreud {rPois AC+4} for 755 gold pieces
 24840 | Orc:1    | Noticed Erolcha
 24842 | Orc:1    | Killed Erolcha
 25552 | Orc:1    | Noticed Sonja
 25554 | Orc:1    | Killed Sonja
 26222 | D:12     | Received a gift from Okawaru
 27010 | D:13     | Found a runed translucent door.
 27011 | D:13     | Identified the +7 spear of Supply {venom, Will+ Str+4
                  | Int+2}
 27011 | D:13     | Noticed scarr's ghost (journeyman MDFi)
 27444 | D:13     | Found a gate to the Vaults.
 27853 | D:13     | Reached XP level 16. HP: 81/151 MP: 23/23
 27853 | D:13     | Received a gift from Okawaru
 28261 | D:13     | Acquired the amulet of Meube {Spirit Regen+}
 28658 | D:14     | Received a gift from Okawaru
 28772 | D:14     | Paralysed by an air elemental for 1 turns
 29313 | D:15     | Entered Level 15 of the Dungeon
 29583 | D:15     | Found a staircase to the Depths.
 29655 | D:15     | Received a gift from Okawaru
 30245 | Shoals:1 | Entered Level 1 of the Shoals
 30245 | Shoals:1 | Noticed Louise
 30267 | Shoals:1 | Killed Louise
 30319 | Shoals:1 | Noticed a kraken
 30330 | Shoals:1 | Killed a kraken
 30362 | Shoals:1 | Noticed AutarchDCSS's ghost (adept MDFi)
 30364 | Shoals:1 | Found a runed translucent gate.
 30365 | Shoals:1 | Found a runed translucent gate.
 30365 | Shoals:1 | Found a runed translucent gate.
 30370 | Shoals:1 | Identified the +5 plate armour of Wikotwa {^Drain rElec
                  | Str+6}
 30611 | Shoals:1 | Found the +2 hat of the Bear Spirit {Spirit, Bear, *Rage
                  | Will++}
 31178 | Shoals:2 | Received a gift from Okawaru
 31601 | Shoals:2 | Found Urriqun's Weapon Emporium.
 31771 | Shoals:3 | Noticed Polyphemus
 31781 | Shoals:2 | Killed Polyphemus
 31826 | Shoals:3 | Found Piruyff's Book Shoppe.
 31832 | Shoals:3 | Noticed Jorgrun
 31843 | Shoals:3 | Killed Jorgrun
 31843 | Shoals:3 | Received a gift from Okawaru
 31844 | Shoals:3 | Reached XP level 17. HP: 148/165 MP: 26/26
 32105 | Shoals:3 | Found a glacial archway.
 32135 | IceCv    | Entered an ice cave
 32283 | IceCv    | Received a gift from Okawaru
 33022 | Shoals:3 | Identified the +1 ring mail of Zoen Bua {rF+ Will- Regen+
                  | Dex+5}
 33413 | Elf:1    | Entered Level 1 of the Elven Halls
 33433 | Elf:1    | Received a gift from Okawaru
 33852 | Elf:1    | Paralysed by an air elemental for 1 turns
 33949 | Elf:1    | Found a magical portal.
 33958 | WizLab   | Entered The Hall of the Hellbinder
 34018 | WizLab   | Noticed a hellephant
 34020 | WizLab   | Gained mutation: You are frail. (-10% HP) [a cacodemon]
 34023 | WizLab   | Received a gift from Okawaru
 34048 | WizLab   | Killed a hellephant
 34278 | WizLab   | Gained mutation: You are occasionally teleported next to
                  | monsters. [a cacodemon]
 34282 | WizLab   | Lost mutation: You are frail. (-10% HP) [potion of
                  | mutation]
 34282 | WizLab   | Lost mutation: You are occasionally teleported next to
                  | monsters. [potion of mutation]
 34282 | WizLab   | Gained mutation: Your body sometimes deteriorates upon
                  | taking damage. [potion of mutation]
 34282 | WizLab   | Gained mutation: You occasionally shout uncontrollably at
                  | your foes. [potion of mutation]
 34282 | WizLab   | Gained mutation: You are vulnerable to cold. (rC-) [potion
                  | of mutation]
 34282 | WizLab   | Gained mutation: Your movements are slightly less
                  | encumbered by armour. (ER -2) [potion of mutation]
 34285 | WizLab   | Lost mutation: You are vulnerable to cold. (rC-) [potion of
                  | mutation]
 34285 | WizLab   | Lost mutation: Your body sometimes deteriorates upon taking
                  | damage. [potion of mutation]
 34285 | WizLab   | Gained mutation: You are agile. (Dex +4, Str/Int -1)
                  | [potion of mutation]
 34285 | WizLab   | Gained mutation: You are strong-willed. (Will+) [potion of
                  | mutation]
 34292 | WizLab   | Noticed Sebuoj
 34298 | WizLab   | Reached skill level 9 in Evocations
 34304 | WizLab   | Noticed a Hell Sentinel
 34310 | WizLab   | Killed Sebuoj the Hellbinder
 34311 | WizLab   | Reached XP level 18. HP: 146/179 MP: 24/27
 34405 | WizLab   | Found a burning altar of Makhleb.
 34405 | WizLab   | Identified the +7 broad axe of the Swamp {drain, +Blink}
 34440 | WizLab   | Noticed a hellephant
 34458 | WizLab   | Killed a hellephant
 34792 | Elf:1    | Found Caututen's Weapon Shoppe.
 35254 | Elf:1    | Received a gift from Okawaru
 35404 | Elf:1    | Reached skill level 21 in Fighting
 35559 | Elf:2    | Found Lixtig's Antique Armour Emporium.
 35609 | Elf:2    | Identified the +6 rapier of Seimotig {flame, *Slow rC+
                  | rCorr Int+3}
 35945 | Elf:2    | Found a runed translucent gate.
 35945 | Elf:2    | Found a runed translucent gate.
 35945 | Elf:2    | Found a runed translucent gate.
 36063 | Elf:2    | Found Hufy's Jewellery Emporium.
 36479 | Spider:1 | Entered Level 1 of the Spider Nest
 36486 | Spider:1 | Received a gift from Okawaru
 37525 | Spider:2 | Noticed Frances
 37529 | Spider:2 | Killed Frances
 37538 | Spider:2 | Received a gift from Okawaru
 37819 | Spider:2 | Reached skill level 15 in Invocations
 38371 | Spider:2 | Identified the +1 short sword "Worm" {flame, Str+2}
 38436 | Spider:2 | Reached XP level 19. HP: 193/193 MP: 30/30
 38518 | Spider:2 | Identified the +1 long sword of the Devouring Mosquito
                  | {spect, rElec rC- Int+3 SInv}
 38589 | Spider:3 | Noticed Arachne
 38591 | Spider:3 | Noticed Mlioglotl
 38820 | Spider:3 | Killed Arachne
 38879 | Spider:3 | Received a gift from Okawaru
 38982 | Spider:3 | Identified the +6 morningstar of Youthful Indiscretion
                  | {heavy, Will+}
 38998 | Spider:3 | Killed Mlioglotl
 39382 | Spider:4 | Entered Level 4 of the Spider Nest
 39653 | Spider:4 | Noticed Donald
 39667 | Spider:4 | Killed Donald
 39667 | Spider:4 | Received a gift from Okawaru
 40958 | Spider:4 | Received a gift from Okawaru
 41172 | Spider:4 | Reached skill level 9 in Shields
 41399 | Spider:4 | Got a gossamer rune of Zot
 41709 | Shoals:4 | Entered Level 4 of the Shoals
 41723 | Shoals:4 | Received a gift from Okawaru
 41758 | Shoals:4 | Got the Lectures on Thunder
 41802 | Shoals:4 | Noticed Xavori's ghost (adept DjCK)
 41807 | Shoals:4 | Found a transporter.
 41922 | Shoals:4 | Found a transporter.
 42090 | Shoals:4 | Reached XP level 20. HP: 162/206 MP: 27/31
 42256 | Shoals:4 | Received a gift from Okawaru
 42441 | Shoals:4 | Got a barnacled rune of Zot
 42476 | Shoals:4 | Identified the +0 flail "Grim Tooth" {freeze, Fly rElec
                  | rC++ Stlth-}
 42638 | Shoals:4 | Found Gyraireami's Antique Armour Shoppe.
 42734 | Shoals:4 | Bought a scorched cloak for 399 gold pieces
 42734 | Shoals:4 | Identified the +2 cloak "Xejekkaff" {-Tele rElec rF++ MP+9}
                  | (You bought it in a shop on level 4 of the Shoals)
 42734 | Shoals:4 | Bought a transparent plate armour for 1176 gold pieces
 42734 | Shoals:4 | Identified the +6 plate armour "Xaed Zuh" {rCorr Stlth+}
                  | (You bought it in a shop on level 4 of the Shoals)
 43049 | Elf:3    | Entered Level 3 of the Elven Halls
 43388 | Elf:3    | Received a gift from Okawaru
 43398 | Elf:3    | Found Erphatyi's Weapon Shop.
 43403 | Elf:3    | Found Buty Bai's Antique Armour Boutique.
 43616 | Elf:3    | Found a hide-covered altar of Uskayaw.
 44035 | Elf:3    | Identified the ring "Radghuleq" {rN+ Str+3 Int+6}
 44079 | Elf:3    | Reached skill level 15 in Shields
 44108 | Elf:3    | Received a gift from Okawaru
 44132 | Elf:3    | Identified the amulet "Hudghimur" {Reflect Str+4 Int-5
                  | SH+5}
 44271 | Elf:3    | Identified the +8 mace of the Haunted God {heavy, rF+}
 44304 | Elf:3    | Identified the ring "Vaepo" {rElec rC+ Str+6 Slay-3}
 44706 | Elf:3    | Identified the +2 robe "Leutaec" {-Cast Harm Regen+ Dex-2}
 45166 | Vaults:1 | Entered Level 1 of the Vaults
 45170 | Vaults:1 | Received a gift from Okawaru
 45213 | Vaults:1 | Learned a level 1 spell: Apportation
 45393 | Vaults:1 | Received a gift from Okawaru
 45565 | Vaults:1 | Reached XP level 21. HP: 187/214 MP: 32/32
 45766 | Vaults:1 | Received a gift from Okawaru
 46752 | Vaults:2 | Identified the +6 scale mail "Qecuh" {Harm Str-4 Dex+2}
 47092 | Vaults:2 | You fall into a shaft and drop 1 floor!
 47118 | Vaults:3 | Received a gift from Okawaru
 47730 | Vaults:2 | Found a runed translucent gate.
 47730 | Vaults:2 | Found a runed translucent gate.
 47730 | Vaults:2 | Found a runed translucent gate.
 47730 | Vaults:2 | Noticed whatisthis's ghost (adept DjAE)
 47730 | Vaults:2 | Noticed Yhagabbo's ghost (adept DrCj)
 47730 | Vaults:2 | Noticed Gryn's ghost (adept MDFi)
 47731 | Vaults:2 | Noticed Antoec's ghost (adept VSBr)
 47862 | Vaults:2 | Found a staircase to the Crypt.
 48416 | Vaults:3 | Received a gift from Okawaru
 49027 | Vaults:3 | Paralysed by a formless jellyfish for 1 turns
 49464 | Vaults:4 | Reached skill level 21 in Shields
 49606 | Vaults:4 | Received a gift from Okawaru
 49626 | Vaults:4 | Reached XP level 22. HP: 156/222 MP: 28/33
 49940 | Vaults:4 | Noticed Norris
 49951 | Vaults:4 | Killed Norris
 50437 | Vaults:4 | Upgraded the game from 0.32-a0-290-g598725c5f2 to
                  | 0.32-a0-306-gfed3edf829
 50785 | Elf:2    | Bought a ring of protection from fire for 300 gold pieces
 51005 | Depths:1 | Entered Level 1 of the Depths
 51014 | Depths:1 | Found an iron altar of Okawaru.
 51119 | Depths:1 | Received a gift from Okawaru
 51319 | Depths:1 | Found a gateway to Hell.
 51929 | Depths:2 | Found a one-way gate leading to the halls of Pandemonium.
 51944 | Depths:2 | Received a gift from Okawaru
 52414 | Depths:2 | Noticed a juggernaut
 52430 | Depths:2 | Killed a juggernaut
 52522 | Depths:2 | Received a gift from Okawaru
 52669 | Depths:2 | Noticed a golden dragon
 52686 | Depths:2 | Killed a golden dragon
 53368 | Depths:2 | Acquired the +0 tower shield of the Lonely Artists {+Blink
                  | Str+5}
 53443 | Depths:2 | Found a one-way gateway to a ziggurat.
 53508 | Depths:2 | Reached XP level 23. HP: 181/202 MP: 34/34
 53555 | Depths:2 | Received a gift from Okawaru
 53760 | Depths:2 | Identified the staff of Essyxist {rN+++ Dex-2 Stlth- Conj
                  | Alchemy}
 53764 | Depths:2 | Identified the staff of Foolhardiness {MP+9 Earth}
 54223 | Depths:3 | Received a gift from Okawaru
 54266 | Depths:3 | Reached skill level 15 in Armour
 54365 | Depths:3 | Identified the +2 morningstar "Cogg" {flame, Will+ rCorr}
 54856 | Depths:3 | Gained mutation: You are frail. (-10% HP) [a shining eye]
 54880 | Depths:3 | Gained mutation: Your spells are a little easier to cast,
                  | but a little less powerful. [a shining eye]
 54888 | Depths:3 | Found a viscous altar of Jiyva.
 55278 | Depths:4 | Entered Level 4 of the Depths
 55370 | Depths:4 | Received a gift from Okawaru
 55389 | Depths:4 | Found a gate to the Realm of Zot.
 55544 | Depths:4 | Noticed a juggernaut
 55550 | Depths:4 | Noticed Sojobo
 55556 | Depths:4 | Identified the +2 robe of Juha {rN+ Int+4 Slay+5}
 55556 | Depths:4 | Noticed Boris
 55558 | Depths:4 | Killed a juggernaut
 55574 | Depths:4 | Killed Sojobo
 55587 | Depths:4 | Killed Boris
 55592 | Depths:4 | Received a gift from Okawaru
 56113 | Depths:4 | Reached XP level 24. HP: 194/214 MP: 34/34
 56958 | Vaults:5 | Entered Level 5 of the Vaults
 57033 | Vaults:4 | Received a gift from Okawaru
 57226 | Vaults:5 | Noticed Bai Suzhen
 57240 | Vaults:4 | Killed Bai Suzhen
 57580 | Vaults:4 | Received a gift from Okawaru
 57775 | Vaults:5 | Received a gift from Okawaru
 57957 | Vaults:5 | Found Bagat's Distillery.
 57961 | Vaults:5 | Bought a potion of cancellation for 136 gold pieces
 57961 | Vaults:5 | Bought a potion of might for 68 gold pieces
 57961 | Vaults:5 | Bought a potion of invisibility for 136 gold pieces
 57961 | Vaults:5 | Found Riesk's Antique Armour Shop.
 58587 | Vaults:5 | Got a silver rune of Zot
 58868 | Vaults:5 | Found Xezuik's Distillery.
 58868 | Vaults:5 | Found Lariseh's Distillery.
 58873 | Vaults:5 | Bought a potion of heal wounds for 105 gold pieces
 58873 | Vaults:5 | Bought a potion of might for 84 gold pieces
 58873 | Vaults:5 | Bought a potion of resistance for 210 gold pieces
 58873 | Vaults:5 | Bought 2 potions of mutation for 336 gold pieces
 58880 | Vaults:5 | Bought a potion of resistance for 200 gold pieces
 58880 | Vaults:5 | Bought a potion of heal wounds for 100 gold pieces
 58880 | Vaults:5 | Bought a potion of haste for 200 gold pieces
 58880 | Vaults:5 | Bought a potion of resistance for 200 gold pieces
 58880 | Vaults:5 | Bought a potion of heal wounds for 100 gold pieces
 58880 | Vaults:5 | Bought a potion of invisibility for 160 gold pieces
 58883 | Vaults:5 | Found Ikoapaj's Magic Scroll Shoppe.
 58890 | Vaults:5 | Bought a scroll of enchant armour for 105 gold pieces
 58890 | Vaults:5 | Bought a scroll of teleportation for 42 gold pieces
 58890 | Vaults:5 | Bought a scroll of fog for 56 gold pieces
 59033 | Vaults:5 | Found Xeifeu's Distillery.
 59040 | Vaults:5 | Bought a potion of haste for 190 gold pieces
 59370 | Zot:1    | Entered Level 1 of the Realm of Zot
 59709 | Depths:4 | Reached skill level 3 in Throwing
 59741 | Zot:2    | Received a gift from Okawaru
 59774 | Zot:2    | Reached XP level 25. HP: 219/224 MP: 34/34
 60257 | Zot:5    | Entered Level 5 of the Realm of Zot
 60489 | Zot:5    | Received a gift from Okawaru
 60691 | Zot:5    | Got a prismatic gem with 51 turns to spare
 60709 | Zot:5    | Noticed an orb of fire
 60709 | Zot:5    | Noticed a Killer Klown
 60709 | Zot:5    | Noticed a Killer Klown
 60714 | Zot:5    | Got the Orb of Zot
 60715 | Zot:5    | Noticed a dread lich
 60715 | Zot:5    | Noticed an ancient lich
 61366 | D:$      | Escaped with the Orb!

Illustrated notes

Levels and vault maps discovered:
D:1:      amcnicky_arrival_abandoned_market, layout_basic
D:2:      layout_loops_ring, wad_floor_pattern_untrapped
D:3:      layout_loops_ring, mainiacjoe_overflow_surrounded_room
D:4:      layout_basic, grunt_temple_overflow_gold_and_silver
D:5:      layout_cave_pools, kennysheep_mini_moat,
          minmay_temple_entry_stoned_glass, cheibrodos_sewer_entry_drain,
          uniq_prince_ribbit1, uniq_pikel
D:6:      layout_cave_pools, nicolae_uskayaw_dance_hall,
          evilmike_ruin_ashenzari, nicolae_kikubaaqudgha_miasma_corner,
          nicolae_yredelemnul_ghost_church, serial_gnoll_camp,
          gnoll_camp_mini_house, gnoll_camp_mini_hut, gnoll_camp_mini_basic,
          gnoll_camp_mini_loothouse, nicolae_the_louvre
D:7:      layout_gridville, hellmonk_no_cap
D:8:      layout_loops_ring, mainiacjoe_overflow_brackets
D:9:      layout_basic, mainiacjoe_overflow_six_doors_small,
          mainiacjoe_overflow_alcove_2, orc_0_dummy, uniq_grum
D:10:     kennysheep_seaside_town, layout_small_grid,
          lemuel_coloured_pillars_altar, gammafunk_ghost_spectres
D:11:     layout_cross, grunt_lair_entry_orc_guard_hut,
          nicolae_trove_entry_diagonal
D:12:     layout_basic, minivault_16, drop_trap
D:13:     layout_gridville, hellmonk_vaults_attempted_burglary,
          ebering_ghost_funeral_grove, ebering_dispersal_statue_hall,
          st_stairs_3
D:14:     layout_stronghold, amcnicky_mini_rare_corridor_liquid,
          dreamdust_looks_like_rain
D:15:     gammafunk_depths_entry_grave, layout_basic, serial_park_tiny_2
Temple:   hellmonk_temple_rainy
Lair:1:   layout_loops_ring, uniq_fannar
Lair:2:   layout_cave_pods, elwin_shoals_entry_stream,
          nicolae_spider_entry_non_spiders, gauntlet_entry_generic,
          grunt_megastairs_2, uniq_gastronok
Lair:3:   layout_loops_ring, gammafunk_ghost_abyssal_escape, basic_altar,
          nicolae_volcano_entry_batcave, grunt_megastairs_1
Lair:4:   layout_regular_city, nicolae_slime_entry_slimehenge
Lair:5:   minmay_lair_end_frog_pond, layout_cellular_growth
Shoals:1: layout_shoals, gammafunk_ghost_split, uniq_louise
Shoals:2: layout_shoals, serial_shops, shop
Shoals:3: layout_shoals, serial_shops, nicolae_shop_statue_plus,
          portal_ice_cave_entry_pillars_1, nicolae_shoals_sun_and_surf,
          uniq_polyphemus, uniq_jorgrun
Shoals:4: shoals_end_grunt_garden, layout_shoals, ebering_ghost_davey_jones,
          serial_shops, nicolae_shop_waterfront
Spider:1: layout_cave_pods, nicolae_spider_bzzzt
Spider:2: layout_cave_pods, hangedman_spider_tarantella_strand, uniq_frances
Spider:3: layout_spider_delve, einodemon_crawler_minivault, uniq_arachne,
          uniq_mlioglotl
Spider:4: grunt_spider_rune_circles, uniq_donald
Orc:1:    layout_diamond_mine, mines4_lemuel, uniq_erolcha, uniq_sonja
Orc:2:    st_orc_rangers, layout_caves
Elf:1:    minmay_elf_arrival_summoners, layout_loops_corners, mu_enter_wizlab_5,
          serial_shops, shop, nicolae_elf_crossing_hall
Elf:2:    nicolae_elf_blades_splatter_lattice
          [nicolae_blade_entry_sentries_behind_glass], layout_loops_cross,
          serial_shops, nicolae_square_shop, nicolae_shop_waterfront
Elf:3:    elf_hall, layout_geoelf_grid, nicolae_elf_altarnating,
          minmay_shoptagon
Vaults:1: hangedman_vaults_capsules, vaults_room_door_hall,
          nicolae_vaults_storage_closets_3, vaults_room_corners,
          nicolae_vaults_six-pack, nicolae_vaults_offset_grid_hallway_2,
          nicolae_vaults_alarming, nicolae_vaults_crenellated_ambush,
          ontoclasm_vaults_idyll, nicolae_vaults_octothorpe,
          layout_vaults_omnibox
Vaults:2: gammafunk_ghost_cemetery, nicolae_vaults_wine_cellar,
          grunt_vaults_focal, minmay_crypt_entry_vampire_xt,
          nicolae_vaults_offset_grid_hallway_3,
          nicolae_vaults_ring_of_whatevers, nicolae_vaults_tangram_2,
          v_alt_pattern_5, v_alt_pattern_6,
          nicolae_vaults_shipping_containers_5, layout_vaults_big_room
Vaults:3: v_rooms_6, v_misc_27, hangedman_vaults_slither,
          grunt_vaults_hallway_long, hangedman_vaults_pinch,
          nicolae_vaults_double_plus_1, grunt_vaults_hallway_short,
          nicolae_vaults_weapon_check, nicolae_vaults_closet_pinwheel_5,
          nicolae_vaults_quartermaster, layout_vaults_quadrants
Vaults:4: hangedman_vaults_stagger, vaults_dpeg_doors, nicolae_vaults_theta,
          st_star, vaults_room_fours, vaults_dpeg_cross, vaults_room_pool,
          dpeg_vaults_monster_box, nicolae_vaults_heart-shaped_vault,
          nicolae_vaults_diagonal_hallway_8, nicolae_vaults_surprise_closet,
          nicolae_vaults_closet_pinwheel_2, nicolae_vaults_tetromino_T_2,
          vaults_room_semicircle, layout_vaults_omnicross, uniq_norris
Vaults:5: uniq_bai_suzhen
Depths:1: layout_roguey, abyss_entry, hellmouth_3, kennysheep_small_circle
Depths:2: hellmonk_hyper_hexagons [hex_subvault_bowtie, hex_subvault_one_slice,
          hex_subvault_channel, hex_subvault_rooms,
          hex_subvault_ellipse_pattern, hex_subvault_rings], pan_entry,
          hell_entry
Depths:3: minmay_box_of_statues, layout_gridlike, hell_entry, abyss_entry,
          special_room [special_room_jelly], infiniplex_staircase_zigzag_4,
          grunt_megastairs_4
Depths:4: grunt_zot_entry_tricorne, layout_basic, hangedman_geh_valley,
          abyss_entry, chequers_serial_rivers_small_3, serial_sigils,
          serial_sigils_hangedman_shear, serial_sigils_hangedman_carve,
          serial_sigils_hangedman_scratch, serial_sigils_hangedman_stare,
          uniq_sojobo, uniq_boris
Zot:1:    layout_onion, nrook_zot_tub, uniq_vv
Zot:2:    layout_basic, bh_zot_levy_curve
Zot:3:    layout_concentric_octagons, ebering_ghost_xom
Zot:4:    layout_cathedral_of_symmetry, zot_minivault_5
Zot:5:    layout_misc_corridors, kennysheep_underground_church

Skill      XL: |  1  2  3  4  5  6  7  8  9 10 11 12 13 14 15 16 17 18 19 20 21 22 23 24 25 |
---------------+----------------------------------------------------------------------------+-----
Axes           | 3 4 5 6 7 9 11 13 15 17 19 20 23 24 25 | 25.0
Fighting       | 4 6 8 10 11 15 16 18 20 22 24 25 | 25.0
Armour         | 4 5 6 8 9 10 12 18 20 | 20.0
Shields        | 4 5 11 16 21 24 25 | 25.0
Dodging        | 2 3 4 6 |  6.0
Invocations    | 5 9 10 12 15 | 15.0
Evocations     | 2 5 9 10 12 14 | 14.0
Throwing       | 3 5 |  5.8

Action                     |  1- 3 |  4- 6 |  7- 9 | 10-12 | 13-15 | 16-18 | 19-21 | 22-24 | 25-27 || total
---------------------------+-------+-------+-------+-------+-------+-------+-------+-------+-------++-------
  Melee: War axe           |    89 |   170 |   501 |    98 |       |       |       |       |       ||   858
         Battleaxe         |       |       |       |   577 |   431 |       |       |       |       ||  1008
         Glaive            |       |       |       |       |    24 |     5 |       |       |       ||    29
         Executioner's axe |       |       |       |       |   341 |   830 |   142 |       |       ||  1313
         Broad axe         |       |       |       |       |       |       |  1244 |  1485 |   216 ||  2945
  Throw: Boomerang         |     3 |       |       |       |       |       |       |       |       ||     3
         Dart              |       |       |     5 |     3 |     2 |     1 |       |     1 |       ||    12
   Cast: Apportation       |       |       |       |       |       |       |     3 |       |     1 ||     4
 Invoke: Purification      |       |       |       |     1 |       |       |       |       |       ||     1
         Heroism           |       |       |       |     4 |     9 |     6 |    15 |    10 |     1 ||    45
         Finesse           |       |       |       |       |     1 |     1 |       |     3 |       ||     5
         Receive Weapon    |       |       |       |       |     1 |       |       |       |       ||     1
         Receive Armour    |       |       |       |       |     1 |       |       |       |       ||     1
  Evoke: Wand              |       |       |       |       |     8 |       |       |       |     2 ||    10
         Lightning rod     |       |       |       |       |       |       |       |     4 |       ||     4
         Condenser vane    |       |       |       |       |       |       |       |     1 |       ||     1
    Use: Scroll            |       |     5 |     6 |     2 |    12 |     5 |     6 |     9 |    10 ||    55
         Potion            |       |       |     3 |     3 |     1 |     2 |     4 |     9 |     4 ||    26
   Stab: Distracted        |       |       |       |       |     1 |     8 |     2 |       |       ||    11
 Armour: Scale mail        |    58 |    16 |       |       |       |       |       |       |       ||    74
         Chain mail        |       |    75 |   317 |   260 |       |       |       |       |       ||   652
         Plate armour      |       |       |       |   269 |   660 |   877 |   969 |   309 |       ||  3084
         Gold dragon scale |       |       |       |       |       |       |       |   538 |    89 ||   627
  Dodge: Dodged            |    45 |   126 |   333 |   402 |   434 |   514 |   649 |   487 |    50 ||  3040
  Block: Buckler           |    14 |    36 |   106 |    21 |       |       |       |       |       ||   177
         Kite shield       |       |       |       |       |       |       |   907 |   293 |       ||  1200
         Tower shield      |       |       |       |       |       |       |       |  1487 |   199 ||  1686

Table legend: (Time is in decaauts)
 A = Elapsed time spent in this place.
 B = Non-inter-level travel time spent in this place.
 C = Inter-level travel time spent in this place.
 D = Time resting spent in this place.
 E = Time spent auto-exploring this place.
 F = Levels seen in this place.
 G = Mean time per level.
                   A        B        C        D        E       F      G
               +--------+--------+--------+--------+--------+-----+--------+
         Total |  60497 |  53984 |   6513 |  10160 |  30150 |  52 | 1163.4 |
       Dungeon |  19783 |  17059 |   2724 |   3162 |   9881 |  15 | 1318.9 |
        Temple |     47 |     38 |      9 |      3 |      0 |   1 |   47.0 |
          Lair |   8664 |   8015 |    649 |   2151 |   4338 |   5 | 1732.8 |
        Shoals |   3728 |   3415 |    313 |    443 |   1922 |   4 |  932.0 |
   Spider Nest |   4086 |   3843 |    243 |    471 |   2578 |   4 | 1021.5 |
  Orcish Mines |   2294 |   1865 |    429 |    469 |    992 |   2 | 1147.0 |
   Elven Halls |   5241 |   4322 |    919 |    984 |   2003 |   3 | 1747.0 |
        Vaults |   7493 |   6857 |    636 |    747 |   4441 |   5 | 1498.6 |
        Depths |   5505 |   5041 |    464 |    861 |   2899 |   4 | 1376.2 |
           Zot |   1194 |   1070 |    124 |    181 |    205 |   5 |  238.8 |
         Sewer |    316 |    316 |      0 |      0 |    167 |   1 |  316.0 |
      Ice Cave |    805 |    805 |      0 |    133 |    374 |   1 |  805.0 |
       Volcano |    777 |    777 |      0 |    396 |    148 |   1 |  777.0 |
        Wizlab |    559 |    559 |      0 |    155 |    201 |   1 |  559.0 |
               +--------+--------+--------+--------+--------+-----+--------+

Top non-repeatable levels by time:
    D:10: 2612 daAuts
  Lair:2: 2493 daAuts
     D:4: 2241 daAuts
   Elf:1: 1986 daAuts
   Elf:3: 1965 daAuts
  Lair:1: 1917 daAuts
  Lair:4: 1794 daAuts
     D:9: 1769 daAuts
Vaults:4: 1715 daAuts
Depths:4: 1696 daAuts
  Lair:5: 1611 daAuts
     D:7: 1573 daAuts
Vaults:3: 1564 daAuts
    D:13: 1559 daAuts
Vaults:1: 1546 daAuts
